AoeStats
← Shawn96

Fortress

509972068Analyzed
4v4 RM · 3d ago on Sep 28, 2026· 53m 29s· 8 players
Game mode
Random Map
Map size
Huge
Population
200
Speed
Normal
Resources
Standard
Victory
Conquest
Starting age
Dark Age
Ending age
Imperial Age
RankedLock teamsTeams togetherTeam positionsShared explorationLock speedFull tech treeHidden civsTurbo modeCheats
Victory
Defeat
🇨🇦 Italians · Canada
1327
+15
🇬🇧 Georgians · United Kingdom
1286
+16
🇬🇧 Britons · United Kingdom
1232
+19
🇺🇸 Cumans · United States
1196
+19
🇹🇷 Jurchens · Türkiye
1363
-20
🇩🇪 Italians · Germany
1283
-17
🇮🇹 Saxons · Italy
1268
-16
🇷🇺 Mongols · Russia
1255
-16
HSL | MaurKo
7:59 Feudal Age
9:12 Double-Bit Axe
9:19 Horse Collar
12:08 Castle Age
13:15 Bow Saw
13:09 Heavy Plow
18:20 Wheelbarrow
20:00 Hand Cart
21:28 Gold Mining
23:29 Loom
Birkules
0:52 Loom
6:41 Feudal Age
11:51 Castle Age
10:26 Double-Bit Axe
11:02 Horse Collar
12:05 Gold Mining
13:42 Bow Saw
26:05 Imperial Age
26:01 Stone Mining
28:06 Elite Skirmisher
31:03 Crossbowman
33:18 Chemistry
33:24 Heavy Plow
33:57 Thumb Ring
35:26 Two-Man Saw
35:20 Padded Archer Armor
35:52 Ballistics
35:14 Treadmill Crane
35:45 Masonry
36:25 Wheelbarrow
37:05 Conscription
36:33 Arbalester
37:31 Fletching
38:43 Leather Archer Armor
38:27 Bodkin Arrow
39:19 Hand Cart
40:17 Ring Archer Armor
41:22 Stone Shaft Mining
44:27 Hoardings
47:03 Forging
49:27 Pirotechnia
50:52 Elite Genoese Crossbowman
EarlyQuitter
8:13 Feudal Age
9:54 Double-Bit Axe
9:50 Horse Collar
12:57 Castle Age
14:00 Bow Saw
13:51 Heavy Plow
14:30 Wheelbarrow
19:24 Gold Mining
20:21 Loom
21:12 Fletching
21:22 Padded Archer Armor
21:59 Bodkin Arrow
22:51 Leather Archer Armor
23:17 Ballistics
23:46 Gold Shaft Mining
24:50 Husbandry
25:06 Bloodlines
30:16 Imperial Age
27:19 Elite Skirmisher
28:26 Hand Cart
30:26 Masonry
30:59 Bracer
32:01 Chemistry
30:57 Heavy Cavalry Archer
32:15 Ring Archer Armor
34:37 Conscription
34:29 Thunderclap Bombs
36:11 Scale Barding Armor
36:16 Forging
36:22 Caravan
37:19 Fortified Bastions
38:37 Chain Barding Armor
38:52 Iron Casting
39:37 Light Cavalry
40:49 Siege Engineers
42:49 Town Watch
47:11 Plate Barding Armor
47:36 Blast Furnace
48:02 Hussar
49:29 Architecture
48:55 Murder Holes
50:34 Two-Man Saw
50:04 Crop Rotation
boomer2000
8:05 Feudal Age
9:00 Double-Bit Axe
11:44 Castle Age
13:04 Bow Saw
12:39 Horse Collar
13:52 Heavy Plow
15:22 Wheelbarrow
21:50 Hand Cart
21:33 Gold Mining
21:36 Stone Mining
25:29 Imperial Age
23:13 Husbandry
23:07 Fletching
23:50 Bodkin Arrow
23:55 Padded Archer Armor
24:22 Ballistics
25:13 Bloodlines
25:07 Loom
26:18 Stone Shaft Mining
26:20 Gold Shaft Mining
26:14 Bracer
28:38 Leather Archer Armor
29:46 Parthian Tactics
30:58 Chemistry
31:08 Scale Barding Armor
31:13 Forging
30:27 Light Cavalry
31:05 Elite Mangudai
32:28 Masonry
33:24 Fortified Wall
34:12 Conscription
35:20 Chain Barding Armor
35:36 Iron Casting
34:47 Hussar
38:24 Blast Furnace
37:50 Nomads
39:14 Caravan
47:48 Onager
Calum1Ltv
7:16 Feudal Age
8:37 Double-Bit Axe
11:11 Castle Age
9:59 Horse Collar
13:01 Bow Saw
14:16 Loom
21:40 Forging
22:16 Bloodlines
23:37 Wheelbarrow
23:26 Scale Barding Armor
24:13 Iron Casting
25:05 Chain Barding Armor
24:52 Husbandry
26:05 Hand Cart
29:59 Imperial Age
29:41 Light Cavalry
31:31 Conscription
32:16 Blast Furnace
31:51 Plate Barding Armor
31:53 Caravan
32:58 Hussar
33:59 Fletching
35:11 Coinage
35:00 Elite Monaspa
36:40 Bodkin Arrow
38:16 Bracer
39:27 Aznauri Cavalry
39:59 Hoardings
39:29 Svan Towers
43:08 Scale Mail Armor
44:32 Chain Mail Armor
44:17 Onager
48:11 Town Watch
49:22 Guard Tower
49:18 Arrowslits
49:38 Siege Engineers
50:34 Chemistry
49:31 Siege Onager
51:13 Treadmill Crane
51:54 Ballistics
51:44 Masonry
51:46 Fortified Wall
D0cTOrSniper
7:46 Feudal Age
9:22 Double-Bit Axe
12:08 Castle Age
10:33 Double-Bit Axe
10:32 Horse Collar
13:33 Bow Saw
13:38 Heavy Plow
13:43 Loom
16:19 Wheelbarrow
16:27 Gold Mining
17:16 Fletching
18:51 Hand Cart
19:30 Bodkin Arrow
20:15 Padded Archer Armor
21:23 Leather Archer Armor
25:57 Imperial Age
24:55 Ballistics
24:53 Stone Mining
25:39 Gold Shaft Mining
25:55 Yeomen
26:22 Gold Shaft Mining
25:59 Elite Longbowman
28:56 Chemistry
28:07 Bracer
28:52 Ring Archer Armor
31:15 Conscription
32:14 Two-Man Saw
33:48 Siege Engineers
35:25 Warwolf
36:54 Guard Tower
37:17 Masonry
39:17 Keep
39:13 Town Watch
43:04 Fortified Wall
43:25 Architecture
42:42 Arrowslits
42:53 Murder Holes
44:14 Treadmill Crane
48:37 Pikeman
49:04 Gambesons
49:19 Squires
49:05 Arson
49:22 Scale Mail Armor
49:32 Forging
51:44 Hoardings
52:20 Heated Shot
53:25 Caravan
Shawn96
9:35 Feudal Age
10:45 Double-Bit Axe
10:43 Horse Collar
11:23 Gold Mining
13:39 Castle Age
14:31 Bow Saw
14:44 Heavy Plow
17:38 Imperial Age
15:43 Fletching
16:38 Ballistics
17:06 Padded Archer Armor
18:13 Bodkin Arrow
19:34 Loom
20:37 Bracer
21:47 Leather Archer Armor
23:34 Chemistry
26:15 Ring Archer Armor
27:23 Town Watch
28:15 Wheelbarrow
27:33 Elite Genoese Crossbowman
28:26 Masonry
30:46 Scale Barding Armor
30:52 Forging
32:37 Two-Man Saw
33:49 Conscription
33:45 Thumb Ring
35:14 Chain Barding Armor
35:29 Iron Casting
36:55 Crop Rotation
37:43 Architecture
36:53 Treadmill Crane
37:39 Bloodlines
37:30 Husbandry
36:50 Light Cavalry
38:09 Plate Barding Armor
38:35 Blast Furnace
43:18 Blast Furnace
43:02 Fortified Wall
42:48 Murder Holes
43:55 Pirotechnia
44:06 Town Patrol
44:25 Hand Cart
45:51 Guard Tower
45:47 Arrowslits
46:16 Scale Mail Armor
46:17 Stone Mining
47:05 Hussar
48:21 Elite Skirmisher
Bostonstrain
3:40 Loom
6:19 Feudal Age
7:01 Double-Bit Axe
7:52 Horse Collar
10:48 Wheelbarrow
13:39 Scale Barding Armor
13:48 Forging
15:52 Bloodlines
15:37 Gold Mining
19:24 Castle Age
20:29 Chain Barding Armor
20:45 Iron Casting
19:57 Capped Ram
25:08 Hand Cart
25:57 Stone Mining
26:44 Gold Shaft Mining
31:17 Imperial Age
28:56 Fletching
29:07 Padded Archer Armor
28:33 Elite Skirmisher
31:20 Bow Saw
31:52 Heavy Plow
31:21 Cavalier
32:52 Plate Barding Armor
33:23 Blast Furnace
32:19 Bodkin Arrow
33:49 Stone Mining
34:41 Thumb Ring
34:57 Light Cavalry
37:19 Paladin
38:53 Hussar
42:27 Siege Ram
44:02 Scale Mail Armor
44:18 Leather Archer Armor
50:52 Caravan
51:24 Coinage
Connection lost

Rejoining the realm…

Still unreachable

The connection could not be restored.

Session expired

The server has moved on; the page needs a fresh start.